 Dungeon Crawl Stone Soup version 0.30.0-19-g36f170ea60 (webtiles) character file.

Game seed: 8967981454703934144

77 Irreverend the Trooper (level 4, -3/40 HPs)
             Began as a Hill Orc Fighter on May 27, 2023.
             Slain by Terence
             ... wielding a +0 flail
              (5 damage)
             ... on level 2 of the Dungeon.
             The game lasted 00:01:44 (1131 turns).

Irreverend the Trooper (Hill Orc Fighter)           Turns: 1131, Time: 00:01:45

Health: -3/40      AC:  8    Str: 20    XL:     4   Next: 33%
Magic:  4/4        EV:  9    Int:  8    God:
Gold:   64         SH:  4    Dex: 10    Spells: 3/3 levels left

rFire   . . .        a - +0 war axe
rCold   . . .        c - +0 buckler
rNeg    . . .        b - +0 scale mail
rPois   .            g - +0 helmet
rElec   .            (no cloak)
rCorr   .            (no gloves)
SInv    .            (no boots)
Will    .....        f - amulet of faith Stlth
                     (no ring)
HPRegen 0.26/turn    (no ring)
MPRegen 0.09/turn

%: faith
@: mighty
A: no striking features
a: no special abilities


You were on level 2 of the Dungeon.
You visited 1 branch of the dungeon, and saw 2 of its levels.

You collected 64 gold pieces.

Inventory:

Hand Weapons
 a - a +0 war axe (weapon)
Armour
 b - a +0 scale mail (worn)
 c - a +0 buckler (worn)
 g - a +0 helmet (worn)
Jewellery
 f - an amulet of faith (around neck)
Scrolls
 e - 2 scrolls of amnesia {unknown}
 i - 3 scrolls of identify {unknown}
 j - a scroll of teleportation {unknown}
Potions
 h - a potion of heal wounds {unknown}


   Skills:
 + Level 4.2 Fighting
 * Level 4.2 Axes
 + Level 3.8 Armour
 + Level 3.8 Shields


You had 3 spell levels left.
You didn't know any spells.
Your spell library contained the following spells:

 Spells                   Type           Power      Damage    Failure   Level
 Freeze                   Ice            0%         1d3       83%         1
 Frozen Ramparts          Ice            0%         1d1       99%         3
 Hailstorm                Conj/Ice       0%         3d3       99%         3


Dungeon Overview and Level Annotations

Branches:
Dungeon (2/15)

Altars:

Annotations:
D:2 Terence


Message History

You are too injured to fight recklessly!
You are too injured to fight recklessly!
You closely miss the gnoll.
The gnoll is heavily wounded.
The gnoll hits you but does no damage. The gnoll hits you with a +0 club.
You hit the gnoll.
The gnoll is severely wounded.
The gnoll hits you with a +0 club.
* * * LOW HITPOINT WARNING * * *
You hit Terence but do no damage. You completely miss the gnoll.
You block the gnoll's attack. Terence barely misses you.
The gnoll hits you with a +0 club.
* * * LOW HITPOINT WARNING * * *
The gnoll attacks as you move away! The gnoll hits you but does no damage.
You hit Terence but do no damage. Terence closely misses you.
You barely miss Terence. Terence hits you with a +0 flail.
* * * LOW HITPOINT WARNING * * *
You hit Terence but do no damage. Terence hits you with a +0 flail.
* * * LOW HITPOINT WARNING * * *
You block Terence's attack.
You barely miss Terence. Terence barely misses you.
You feel very mighty all of a sudden. Terence hits you but does no damage.
You slash Terence!
Terence is moderately wounded.
Terence barely misses you.
You hit Terence but do no damage.
Terence is moderately wounded.
Terence hits you but does no damage. You block Terence's attack.
You closely miss Terence.
Terence is moderately wounded.
You block Terence's attack.
You barely miss Terence.
Terence is moderately wounded.
Terence hits you with a +0 flail.
* * * LOW HITPOINT WARNING * * *
You hit Terence but do no damage.
Terence is moderately wounded.
Terence hits you with a +0 flail.
You die...

##.# ###.### #######.#
#.# #.....#.#### #.#
#.....#....# #.##
#.....####.####..##### ##
#.....# #...###.....###.
#.....# ###.# #####.....
#.....######.# ####....
#.....g@@.##.#####....#..
#.....###.##.##....####..
#.....# #.........##....#
####.###.)...#....##.####
#.....#######.....#
##.......# ###..##
#..)....# #...#
...................#
..##.......###.......# #


You could see Terence and a gnoll.

Vanquished Creatures
  2 gnolls (D:2)
  An adder (D:2)
  2 worms (D:2)
  2 dart slugs (D:1)
  3 ball pythons
  3 endoplasms
  2 giant cockroaches
  3 goblins (D:1)
  4 hobgoblins
  2 jackals (D:2)
  7 bats
  A frilled lizard (D:1)
  4 kobolds
  4 rats
40 creatures vanquished.

Notes
Turn   | Place    | Note
-------+----------+-------------------------------------------
     0 | D:1      | Irreverend the Hill Orc Fighter began the quest for the
                  | Orb.
     0 | D:1      | Reached XP level 1. HP: 19/19 MP: 1/1
   101 | D:1      | Reached XP level 2. HP: 27/27 MP: 2/2
   363 | D:1      | Found a faded altar of an unknown god.
   453 | D:1      | Reached XP level 3. HP: 33/33 MP: 3/3
  1074 | D:2      | Reached XP level 4. HP: 38/40 MP: 4/4
  1104 | D:2      | Noticed Terence
  1124 | D:2      | HP: 1/40 [Terence/+0 flail (4)]
  1130 | D:2      | HP: 1/40 [Terence/+0 flail (2)]
  1131 | D:2      | Slain by Terence

Illustrated notes

Levels and vault maps discovered:
D:1:      roderic_octagonal_star, layout_basic,
          dilly_ecumenical_altar_fadedgnrine, serial_park_tiny_pond,
          moated_statue, chequers_jeans, minmay_pentomino_v4
D:2:      layout_rooms, kennysheep_path_1, uniq_terence

Skill      XL: |  1  2  3 |
---------------+----------+-----
Axes           | 3 4 |  4.2
Fighting       | 4 |  4.2
Armour         | |  3.8
Shields        | |  3.8

Action                     |  1- 3 |  4- 6 || total
---------------------------+-------+-------++-------
  Melee: War axe           |    76 |    32 ||   108
    Use: Potion            |       |     1 ||     1
 Armour: Scale mail        |    38 |    23 ||    61
  Dodge: Dodged            |    24 |    18 ||    42
  Block: Buckler           |    24 |     9 ||    33
